 Dungeon Crawl Stone Soup version 0.25.1-9-gc5326a611f (webtiles) character file.

Game seed: 2596895754031139635

287 sankara the Chopper (level 6, 0/82 HPs)
             Began as a Minotaur Fighter on Jan 1, 2021.
             Succumbed to a scorpion's poison
             ... on level 4 of the Dungeon.
             The game lasted 00:05:50 (2633 turns).

sankara the Chopper (Minotaur Fighter)              Turns: 2633, Time: 00:05:50

Health: 0/82       AC:  9    Str: 21    XL:     6   Next: 8%
Magic:  5/5        EV:  5    Int:  5    God:
Gold:   234        SH: 10    Dex: 11    Spells: 5/5 levels left

rFire    . . .     SeeInvis .   a - +0 war axe
rCold    . . .     Gourm    .   x - +0 kite shield (curse)
rNeg     . . .     Faith    .   k - +0 chain mail
rPois    .         Spirit   .   (helmet restricted)
rElec    .         Reflect  .   (no cloak)
rCorr    .         Harm     .   (no gloves)
MR       .....                  (no boots)
Stlth    ..........             (no amulet)
HPRegen  0.23/turn              (no ring)
MPRegen  0.09/turn              (no ring)

@: berserking, lethally poisoned (0 -> -7), very quick
A: retaliatory headbutt, horns 2
a: no special abilities


You were on level 4 of the Dungeon.
You were not hungry.

You visited 1 branch of the dungeon, and saw 4 of its levels.

You collected 234 gold pieces.

Inventory:

Hand Weapons
 a - a +0 war axe (weapon)
 b - a +0 hunting sling
Missiles
 i - 193 stones (quivered)
 r - 33 sling bullets
 t - 28 poisoned darts
Armour
 c - a +0 kite shield
 g - a +0 plate armour
 k - a +0 chain mail (worn)
 x - a cursed +0 kite shield (worn)
Scrolls
 j - 2 scrolls of identify {unknown}
 l - a scroll of fear {unknown}
 m - a scroll of enchant weapon {unknown}
 n - 3 scrolls of remove curse {unknown}
 q - a scroll of blinking {unknown}
 s - a scroll of teleportation {unknown}
 u - a scroll of noise {unknown}
 v - 2 scrolls of immolation {unknown}
Potions
 d - 2 potions of might
 e - a potion of berserk rage
 h - a potion of curing {unknown}
 o - 4 potions of heal wounds {unknown}
 p - a potion of degeneration {unknown}
Comestibles
 f - 4 rations
 w - 3 chunks of flesh


   Skills:
 + Level 4.9 Fighting
 * Level 5.2 Axes
 + Level 4.8 Armour
 + Level 4.9 Shields


You had 5 spell levels left.
You didn't know any spells.
Your spell library contained the following spells:

 Spells                   Type           Power        Failure   Level  Hunger
 Animate Skeleton         Necr           N/A          100%        1    ##.....
 Pain                     Necr           #...         100%        1    ##.....
 Vampiric Draining        Necr           #.........   100%        3    ####...
 Animate Dead             Necr           N/A          100%        4    #####..
 Agony                    Necr           #.......     100%        5    ######.


Dungeon Overview and Level Annotations

Branches:
Dungeon (4/15)
 Temple: D:4-7

Altars:


Innate Abilities, Weirdness & Mutations

You reflexively headbutt those who attack you in melee.
You have a pair of horns on your head.


Message History

You feel yourself moving faster!
You feel mighty!
You feel sick. The scorpion stings you.
* * * LOW HITPOINT WARNING * * *
You are more poisoned.
The scorpion poisons you!
You are too berserk!
Unknown command.
You are too berserk!
You closely miss the scorpion. Your headbutt misses the scorpion.
The scorpion is severely wounded.
* * * LOW HITPOINT WARNING * * *
You feel sick. You block the scorpion's attack.
Unknown command.
You slice the scorpion!!
You kill the scorpion!
You have reached level 6!
Your experience leads to an increase in your attributes!
Increase (S)trength, (I)ntelligence, or (D)exterity?
You feel agile.
You die...

#..............###.##......
##....#........# #.... #.
##..##........###..#. ..
##.............#.## ..
#..#............##.#...
...>...................#
....(.................##
.......##.#.....##.####
##...........@.# ##
....#..#.......#
##.##.##.......#
..........?.. .............
...............
.##...........#
...###...####


There were no monsters in sight!

Vanquished Creatures
  A scorpion (D:4)
  An orc wizard (D:3)
  An iguana (D:4)
  2 worker ants
  4 adders
  2 worms (D:3)
  3 dart slugs
  A leopard gecko (D:1)
  5 orcs
  4 ball pythons
  3 giant cockroaches
  9 goblins
  9 hobgoblins
  6 jackals (D:4)
  2 quokkas
  10 bats
  5 frilled lizards
  A jackal skeleton (D:4)
  11 kobolds
  8 rats
88 creatures vanquished.

Notes
Turn   | Place    | Note
-------+----------+-------------------------------------------
     0 | D:1      | sankara the Minotaur Fighter began the quest for the Orb.
     0 | D:1      | Reached XP level 1. HP: 19/19 MP: 0/0
   318 | D:1      | Reached XP level 2. HP: 27/27 MP: 1/1
   328 | D:1      | Reached skill level 3 in Axes
   631 | D:2      | Reached XP level 3. HP: 30/33 MP: 2/2
   919 | D:2      | Reached XP level 4. HP: 40/40 MP: 3/3
  1488 | D:3      | Reached skill level 4 in Axes
  1630 | D:3      | Reached XP level 5. HP: 24/47 MP: 4/4
  2617 | D:4      | Reached skill level 5 in Axes
  2631 | D:4      | HP: 1/70 [scorpion (5)]
  2633 | D:4      | Reached XP level 6. HP: 1/55 MP: 5/5
  2633 | D:4      | Succumbed to a scorpion's poison

Illustrated notes

Levels and vault maps discovered:
D:1:      saegor_arrival_simple_a, layout_basic, serial_bayou_pond_e,
          chequers_garden
D:2:      cheibrodos_greedy_goblins, layout_basic, minmay_tromino_v4_c
D:3:      layout_loops_ring
D:4:      gammafunk_cloud_chamber, layout_cave_pools,
          gammafunk_temple_overflow_wave, first_ration, grunt_ministairs_4

Skill      XL: |  1  2  3  4  5 |
---------------+----------------+-----
Axes           | 3 4 5 |  5.2
Fighting       | 4 |  4.9
Armour         | 4 |  4.8
Shields        | 4 |  4.9

Action                   |  1- 3 |  4- 6 || total
-------------------------+-------+-------++-------
Melee: War axe           |    99 |   102 ||   201
       Headbutt          |     8 |    20 ||    28
  Use: Potion            |       |     1 ||     1
  Eat: Chunk             |       |     6 ||     6
Armor: Scale mail        |    23 |       ||    23
       Chain mail        |    34 |    53 ||    87
Dodge: Dodged            |    19 |    20 ||    39
Block: Kite shield       |    44 |    42 ||    86
